 Dungeon Crawl Stone Soup version 0.25.1-2-g60ff931df9 (webtiles) character file.

Game seed: 1161255080779357471

199 DungeonDestroyer the Covert (level 5, -8/34 HPs)
             Began as an Octopode Assassin on Nov 12, 2020.
             Mangled by Kaliet's ghost (13 damage)
             ... on level 3 of the Dungeon.
             The game lasted 00:06:15 (2701 turns).

DungeonDestroyer the Covert (Octopode Assassin)     Turns: 2701, Time: 00:06:16

Health: -8/34      AC:  1    Str: 17    XL:     5   Next: 77%
Magic:  5/5        EV: 13    Int: 11    God:
Gold:   101        SH:  0    Dex: 14    Spells: 4/4 levels left

rFire    . . .     SeeInvis .   a - +3 dagger
rCold    . . .     Gourm    .   (no shield)
rNeg     . . .     Faith    .   (helmet restricted)
rPois    .         Spirit   .   k - amulet of the acrobat
rElec    .         Reflect  .   j - +6 ring of strength
rCorr    .         Harm     .   (no ring)
MR       ++...     Clarity  +   (no ring)
Stlth    +++++.....             (no ring)
HPRegen  0.11/turn              (no ring)
MPRegen  0.09/turn              (no ring)
                                (no ring)
                                (no ring)

@: no status effects
A: almost no armour, stealthy swim, amphibious, 8 rings, constrict 8, camouflage
1, clarity, dopey 1, magic resistance 2, gelatinous body 1
a: no special abilities


You were on level 3 of the Dungeon.
You were not hungry.

You visited 1 branch of the dungeon, and saw 4 of its levels.

You collected 101 gold pieces.

Inventory:

Hand Weapons
 a - a +3 dagger (weapon)
Missiles
 b - 56 poisoned darts (quivered)
 c - 2 curare-tipped darts
Jewellery
 j - a +6 ring of strength (left tentacle)
 k - an amulet of the acrobat (around mantle)
 m - a cursed -4 ring of intelligence {unknown}
Wands
 r - a wand of polymorph (11)
Scrolls
 e - a scroll of enchant weapon
 h - 3 scrolls of identify
 i - 2 scrolls of remove curse
 n - a scroll of fear {unknown}
 o - 3 scrolls of immolation
 q - a scroll of fog {unknown}
Potions
 f - a potion of mutation
Comestibles
 d - 3 rations
 l - 4 chunks of flesh


   Skills:
 + Level 2.2 Fighting
 + Level 2.4 Short Blades
 + Level 2.1 Throwing
 + Level 1.4 Dodging
 * Level 8.9 Stealth


You had 4 spell levels left.
You didn't know any spells.
Your spell library was empty.

Dungeon Overview and Level Annotations

Branches:
Dungeon (4/15)
 Temple: D:4-7

Altars:
Ru

Annotations:
D:3 Kaliet's ghost, amateur HOFi


Innate Abilities, Weirdness & Mutations

You cannot wear most types of armour.
You are very stealthy in the water. (Stealth+)
You are amphibious.
You can wear up to eight rings at the same time.
You can use your tentacles to constrict eight enemies at once.
Your skin changes colour to match your surroundings (Stealth+).
Your rubbery body absorbs attacks. (AC +1, EV +1)
You possess an exceptional clarity of mind.
You are dopey. (Int -2)
You are highly resistant to hostile enchantments. (MR++)


Message History

Kaliet's ghost is lightly damaged.
Kaliet's ghost misses you.
You hit Kaliet's ghost but do no damage.
You squeeze Kaliet's ghost, but do no damage.
Kaliet's ghost is lightly damaged.
Kaliet's ghost hits you.
You hit Kaliet's ghost but do no damage.
You squeeze Kaliet's ghost, but do no damage.
Kaliet's ghost is lightly damaged.
Kaliet's ghost hits you!
* * * LOW HITPOINT WARNING * * *
You hit Kaliet's ghost but do no damage.
Kaliet's ghost is lightly damaged.
Kaliet's ghost misses you.
It was a potion of cancellation.
Your magical effects are unravelling.
You feel magically purged.
You feel less ready to backstab. Kaliet's ghost hits you!
You die...

#.......#.####..........#.
#..#..#................##.
#.........#....########...
########.....##....########.##
..$.....#......."......>..#...
#######.#.##.###.....)....##..
########............##..
≈≈≈≈≈≈#..#..........##..
≈)≈≈≈rW@.#.###########..
≈≈≈≈≈≈#.##.# #.. ##########.#
#.. #.# ##.. #.# #... .# #.##
#.#. #.## #...


You could see Kaliet's ghost and a rat.

Vanquished Creatures
  Natasha (thrice) (D:2)
  7 adders
  A worm (D:3)
  3 dart slugs
  4 leopard geckos
  An orc (D:3)
  A ball python (D:1)
  9 bats
  2 giant cockroaches
  8 goblins
  5 hobgoblins
  4 kobolds
  A frilled lizard (D:2)
  3 rats
52 creatures vanquished.

Notes
Turn   | Place    | Note
-------+----------+-------------------------------------------
     0 | D:1      | DungeonDestroyer the Octopode Assassin began the quest for
                  | the Orb.
     0 | D:1      | Reached XP level 1. HP: 14/14 MP: 1/1
   100 | D:1      | Reached XP level 2. HP: 19/19 MP: 2/2
   121 | D:1      | Reached skill level 6 in Stealth
   948 | D:1      | Gained mutation: You possess an exceptional clarity of
                  | mind. [potion of mutation]
   948 | D:1      | Gained mutation: You are dopey. (Int -2) [potion of
                  | mutation]
   948 | D:1      | Gained mutation: You are resistant to hostile enchantments.
                  | (MR+) [potion of mutation]
   948 | D:1      | Gained mutation: You are highly resistant to hostile
                  | enchantments. (MR++) [potion of mutation]
  1084 | D:2      | Noticed Natasha
  1088 | D:2      | Noticed a crimson imp
  1094 | D:2      | Killed Natasha
  1094 | D:2      | Reached skill level 7 in Stealth
  1094 | D:2      | Reached XP level 3. HP: 4/24 MP: 3/3
  1277 | D:2      | Noticed Natasha
  1281 | D:2      | Killed Natasha
  1281 | D:2      | Reached XP level 4. HP: 23/29 MP: 4/4
  1786 | D:2      | Reached skill level 8 in Stealth
  1844 | D:2      | Noticed Natasha
  1848 | D:2      | Killed Natasha
  1848 | D:2      | Reached XP level 5. HP: 34/34 MP: 5/5
  2254 | D:3      | You fall into a shaft and drop 1 floor!
  2257 | D:4      | Found a sacrificial altar of Ru.
  2670 | D:3      | Found a runed translucent door.
  2681 | D:3      | Noticed Kaliet's ghost (amateur HOFi)
  2701 | D:3      | Mangled by Kaliet's ghost

Illustrated notes

Levels and vault maps discovered:
D:1:      kennysheep_arrival_forest, layout_basic
D:2:      layout_loops_corners, uniq_natasha
D:3:      layout_basic, ebering_ghost_sewer_f, first_ration, st_stairs_3
D:4:      layout_basic, hangedman_feature_mirror, wad_floor_pattern_1,
          nicolae_ru_sacrificial_ziggurat, uniq_duvessa, uniq_eustachio,
          uniq_ijyb, uniq_grinder

Skill      XL: |  1  2  3  4 |
---------------+-------------+-----
Stealth        | 7 8 |  8.9
Fighting       | |  2.2
Short Blades   | |  2.4
Throwing       | |  2.1
Dodging        | |  1.4

Action                   |  1- 3 |  4- 6 || total
-------------------------+-------+-------++-------
Melee: Dagger            |    34 |    56 ||    90
       Constrict         |     6 |     9 ||    15
       Tentacles         |     3 |    11 ||    14
  Use: Scroll            |     5 |     3 ||     8
       Potion            |     4 |     5 ||     9
 Stab: Sleeping          |     4 |    21 ||    25
       Distracted        |     1 |     1 ||     2
  Eat: Chunk             |     1 |     4 ||     5
Armor: Skin              |     2 |     1 ||     3
Dodge: Dodged            |    21 |    15 ||    36
